 Dungeon Crawl Stone Soup version 0.30-a0-613-gdd512c7efb (webtiles) character file.

Game seed: 6262582933292176008

238 acebull12 the Poker (level 5, -21/41 HPs)
             Began as a Demonspawn Gladiator on Jan 8, 2023.
             Was an Initiate of Okawaru.
             Demolished by an ogre
             ... wielding a +0 giant spiked club
              (26 damage)
             ... on level 4 of the Dungeon.
             The game lasted 00:07:26 (2414 turns).

acebull12 the Poker (Demonspawn Gladiator)          Turns: 2414, Time: 00:07:27

Health: -21/41     AC:  8    Str: 16    XL:     5   Next: 78%
Magic:  5/5        EV: 11    Int: 10    God:    Okawaru [......]
Gold:   78         SH:  0    Dex: 14    Spells: 4/4 levels left

rFire   . . .      SeeInvis .    a - +0 trident
rCold   . . .      Faith    .    (no shield)
rNeg    . . .      Spirit   .    n - +1 ring mail of the Orb {rPois Will+}
rPois   +          Reflect  .    x - +1 helmet
rElec   .          Harm     .    (no cloak)
rCorr   .          Rampage  .    (no gloves)
Will    +....                    (no boots)
Stlth   +                        (no amulet)
HPRegen 0.26/turn                (no ring)
MPRegen 0.09/turn                (no ring)

@: no status effects
A: claws 1, spiny 2
a: Renounce Religion


You were on level 4 of the Dungeon.
You worshipped Okawaru.
Okawaru was noncommittal.
You visited 1 branch of the dungeon, and saw 4 of its levels.

You collected 78 gold pieces.

Inventory:

Hand Weapons
 a - a +0 trident (weapon)
Missiles
 d - 5 throwing nets (quivered)
 e - a javelin
 p - 41 stones
Armour
 c - a +0 helmet
 n - the +1 ring mail of the Orb (worn) {rPois Will+}
   (You found it on level 2 of the Dungeon)

   rPois:     It protects you from poison.
   Will:      It increases your willpower.
 u - the +1 ring mail "Picur" {rN+ Regen+ MP-9}
   (You found it on level 3 of the Dungeon)

   rN:        It protects you from negative energy.
   MP:        It affects your magic capacity (-9).
   Regen:     It increases your rate of health regeneration.
 x - a +1 helmet (worn)
Jewellery
 q - an amulet of faith
 r - an amulet of reflection
 w - a +6 ring of intelligence
Wands
 b - a wand of flame (17)
Scrolls
 f - a scroll of teleportation {unknown}
 h - 2 scrolls of blinking {unknown}
 k - 5 scrolls of identify {unknown}
 m - 2 scrolls of magic mapping {unknown}
 s - a scroll of poison {unknown}
 t - a scroll of vulnerability {unknown}
Potions
 g - a potion of flight {unknown}
 i - a potion of berserk rage {unknown}
 j - a potion of magic {unknown}
 l - a potion of might {unknown}
 o - 2 potions of degeneration {unknown}
 v - a potion of attraction {unknown}


   Skills:
 * Level 3.1 Fighting
 + Level 4.2 Polearms
 + Level 1.9 Throwing
 * Level 2.5 Armour
 + Level 3.1 Dodging
 + Level 1.2 Stealth


You had 4 spell levels left.
You didn't know any spells.
Your spell library contained the following spells:

 Spells                   Type           Power      Damage    Failure   Level
 Kindle Blastsparks       Fire/Tloc/Air  0%         2d10      91%         3
 Fulminant Prism          Conj/Hex       0%         3d5       100%        4
 Iskenderun's Mystic Bla  Conj/Tloc      0%         2d3       100%        4
 Lee's Rapid Deconstruct  Erth           0%         3d4*      100%        5


Dungeon Overview and Level Annotations

Branches:
Dungeon (4/15)
 Temple: D:4-7

Altars:
Nemelex Xobeh
Okawaru

Annotations:
D:4 Menkaure


Innate Abilities, Weirdness & Mutations

You have sharp fingernails.
You are mostly covered in sharp spines.


Message History

The gnoll shouts!
The gnoll shouts!
The gnoll barely misses you. Menkaure casts a spell at you.
Pain shoots through your body!
There is an open door here.
There is a stone staircase leading up here.
The gnoll barely misses you.
You climb upwards.
There is a stone staircase leading down here.
There is an open door here.
There is a stone staircase leading down here.
You climb downwards.
You hear the sound of rushing water.
There is an entrance to a sewer on this level.
Hurry and find it before the portal rusts away!
Level annotation: Menkaure You hear the slow rusting of a drain nearby.
The ogre shouts!
There is a stone staircase leading up here.
Reach: a) +0 trident
Press: ? - help, Dir - move target, f - ogre
Aim: an ogre, wielding a +0 giant spiked club (about 25% to evade your +0 trident)
You reach to attack!
You barely miss the ogre. You hit the ogre but do no damage.
The ogre is struck by your spines.
The ogre hits you with a +0 giant spiked club!!
Ouch! That really hurt!
You puncture the ogre!
The ogre is heavily wounded.
The ogre hits you with a +0 giant spiked club!
* * * LOW HITPOINT WARNING * * *
An orc comes into view.
It is wielding a +0 club and quivering silver boomerangs.
An orc comes into view. It is wielding a +0 short sword.
The orc shouts! x2
The orc throws a silver boomerang.
The silver boomerang completely misses you.
An orc priest comes into view.
It is wielding a +0 flail of protection.
The orc priest shouts!
The ogre hits you with a +0 giant spiked club!!
Ouch! That really hurt!
You die...

. #...........
#..........#
#..........#
.##########..........+
.....................#
..o.o...@............#
....o....O...........#
................<....#
.##+#######..........#
#....####### #....#
#....# #....# #....#


You could see an ogre, an orc priest and 2 orcs.

Vanquished Creatures
  Pargi (D:3)
  2 orc priests (D:3)
  4 adders
  A worm (D:2)
  An orc (D:3)
  An endoplasm (D:1)
  2 giant cockroaches
  6 goblins
  3 hobgoblins
  6 quokkas
  4 ball pythons
  2 bats (D:3)
  3 frilled lizards
  5 kobolds
  4 rats
45 creatures vanquished.

Notes
Turn   | Place    | Note
-------+----------+-------------------------------------------
     0 | D:1      | acebull12 the Demonspawn Gladiator began the quest for the
                  | Orb.
     0 | D:1      | Reached XP level 1. HP: 16/16 MP: 1/1
   129 | D:1      | Gained mutation: You have sharp fingernails. [demonic
                  | ancestry]
   129 | D:1      | Reached XP level 2. HP: 12/22 MP: 2/2
   243 | D:1      | Reached skill level 3 in Polearms
   861 | D:2      | Identified the +1 ring mail of the Orb {rPois Will+}
   934 | D:2      | Gained mutation: You are partially covered in sharp spines.
                  | [demonic ancestry]
   934 | D:2      | Reached XP level 3. HP: 25/27 MP: 3/3
   986 | D:2      | Reached skill level 1 in Stealth
  1095 | D:2      | Reached skill level 1 in Armour
  1167 | D:2      | Reached XP level 4. HP: 34/34 MP: 4/4
  1465 | D:3      | Gained mutation: You are mostly covered in sharp spines.
                  | [demonic ancestry]
  1465 | D:3      | Reached XP level 5. HP: 14/39 MP: 5/5
  1578 | D:3      | Found an iron altar of Okawaru.
  1586 | D:3      | Became a worshipper of Warmaster Okawaru
  1762 | D:3      | Noticed Pargi
  1782 | D:3      | Killed Pargi
  1783 | D:3      | Reached skill level 4 in Polearms
  1828 | D:3      | Identified the +5 falchion of Objectivity {vamp, rPois}
  1839 | D:3      | Identified the +1 ring mail "Picur" {rN+ Regen+ MP-9}
  2361 | D:4      | Found a sparkling altar of Nemelex Xobeh.
  2362 | D:4      | Noticed Menkaure
  2400 | D:4      | Noticed an ogre
  2414 | D:4      | Demolished by an ogre

Illustrated notes

Levels and vault maps discovered:
D:1:      shiori_arrival_elements, layout_basic, nrook_uturn
D:2:      layout_rooms
D:3:      layout_loops_corners, mainiacjoe_overflow_chevrons,
          minmay_door_square, chequers_serial_rivers_marsh, uniq_pargi
D:4:      layout_gridville, mainiacjoe_overflow_cross_hatched,
          lemuel_doored_altar, mainiacjoe_overflow_tiny_flanked,
          minmay_temple_entry_nine_rooms, portal_sewer_entry_d,
          minmay_manual_maat, uniq_menkaure, uniq_eustachio

Skill      XL: |  1  2  3  4  5 |
---------------+----------------+-----
Polearms       | 3 4 |  4.2
Dodging        | 3 |  3.1
Stealth        | 1 |  1.2
Armour         | 1 2 |  2.5
Fighting       | 3 |  3.1
Throwing       | |  1.9

Action                   |  1- 3 |  4- 6 || total
-------------------------+-------+-------++-------
Melee: Trident           |   105 |    36 ||   141
 Stab: Sleeping          |     4 |       ||     4
Armor: Leather armour    |     9 |       ||     9
       Scale mail        |     7 |       ||     7
       Ring mail         |     7 |    29 ||    36
Dodge: Dodged            |    53 |    29 ||    82

Table legend: (Time is in decaauts)
 A = Elapsed time spent in this place.
 B = Non-inter-level travel time spent in this place.
 C = Inter-level travel time spent in this place.
 D = Time resting spent in this place.
 E = Time spent auto-exploring this place.
 F = Levels seen in this place.
 G = Mean time per level.
                   A        B        C        D        E       F      G
               +--------+--------+--------+--------+--------+-----+--------+
         Total |   2436 |   2271 |    165 |    135 |   1669 |   4 |  609.0 |
       Dungeon |   2436 |   2271 |    165 |    135 |   1669 |   4 |  609.0 |
               +--------+--------+--------+--------+--------+-----+--------+

Top non-repeatable levels by time:
     D:3: 1004 daAuts
     D:1: 804 daAuts
     D:2: 577 daAuts
     D:4: 50 daAuts
